 Dungeon Crawl Stone Soup version 0.20.1-1-g8b1a95d (webtiles) character file.

1563 Linguinho the Geomancer (level 8, -9/59 HPs)
             Began as a Pale Draconian Earth Elementalist on Oct 31, 2017.
             Was a Believer of Sif Muna.
             Mangled by an orc warrior
             ... wielding a +0 hand axe
              (19 damage)
             ... on level 7 of the Dungeon.
             The game lasted 00:21:02 (6819 turns).

Linguinho the Geomancer (DrEE)                      Turns: 6819, Time: 00:21:02

Health: -9/59      AC:  6    Str: 12    XL:     8   Next: 58%
Magic:  6/17       EV: 12    Int: 17    God:    Sif Muna [**....]
Gold:   402        SH:  0    Dex: 11    Spells: 9/19 levels left

rFire    + . .     SeeInvis .   i - +0 spear
rCold    + + .     Gourm    .   (no shield)
rNeg     . . .     Faith    .   (armour unavailable)
rPois    .         Spirit   .   (helmet restricted)
rElec    .         Reflect  .   p - scarf {rC+ rF+}
rCorr    .         Harm     .   (no gloves)
MR       .....                  (no boots)
Stlth    +++.......             (no amulet)
Regen    0.2/turn               h - ring of protection from cold
MPRegen  0.2/turn               F - ring of stealth

@: slowed, very slow
A: breathe steam, unfitting armour, cold-blooded, AC +6
a: Breathe Steam, Divine Energy, Renounce Religion


You were on level 7 of the Dungeon.
You worshipped Sif Muna.
Sif Muna was pleased with you.
You were very hungry.

You visited 2 branches of the dungeon, and saw 8 of its levels.

You collected 402 gold pieces.

Inventory:

Hand Weapons
 i - a +0 spear (weapon)
Missiles
 b - 33 stones (quivered)
Armour
 p - a scarf of resistance (worn)
Jewellery
 h - a ring of protection from cold (left hand)
 y - an uncursed ring of fire {unknown}
 F - a ring of stealth (right hand)
Wands
 z - a wand of polymorph (15/24)
 H - a wand of clouds (3/9)
Scrolls
 c - a scroll of blinking
 e - a scroll of enchant weapon
 f - 2 scrolls of fear {unknown}
 k - 3 scrolls of teleportation
 l - 6 scrolls of remove curse
 o - a scroll of recharging {unknown}
 q - 2 scrolls of fog {unknown}
 r - 3 scrolls of amnesia {unknown}
 v - 2 scrolls of enchant armour {unknown}
 w - 2 scrolls of noise {unknown}
Potions
 a - 2 potions of cancellation
 g - a potion of berserk rage {unknown}
 j - a potion of curing {unknown}
 m - a potion of invisibility
 n - a potion of lignification {unknown}
 s - 4 potions of flight {unknown}
 u - a potion of ambrosia {unknown}
 x - a potion of heal wounds {unknown}
 A - a potion of haste {unknown}
 B - a potion of degeneration {unknown}
 E - a potion of mutation {unknown}
Books
 d - a book of Geomancy

   Spells                             Type                      Level
   a - Sandblast                      Earth                        1
   b - Passwall                       Transmutation/Earth          2
   c - Stone Arrow                    Conjuration/Earth            3
   d - Petrify                        Transmutation/Earth          4
   e - Lee's Rapid Deconstruction     Earth                        5
Comestibles
 t - 2 meat rations
 C - a royal jelly
 D - 2 bread rations
 G - 4 fruits


   Skills:
 + Level 1.2 Fighting
 + Level 1.6 Polearms
 - Level 2.0 Dodging
 - Level 2.9 Stealth
 + Level 6.4 Spellcasting
 + Level 0.6 Conjurations
 + Level 1.0 Transmutations
 * Level 8.2 Earth Magic


You had 9 spell levels left.
You knew the following spells:

 Your Spells              Type           Power        Failure   Level  Hunger
a - Sandblast             Erth           ####..       1%          1    None
b - Stone Arrow           Conj/Erth      ###...       6%          3    ##.....
c - Passwall              Tmut/Erth      ###.......   2%          2    None
d - Petrify               Tmut/Erth      ###.....     19%         4    ####...


Dungeon Overview and Level Annotations

Branches:
Dungeon (7/15)             Temple (1/1) D:6

Altars:
Ashenzari
Cheibriados
Dithmenos
Elyvilon
Fedhas
Gozag
Hepliaklqana
Kikubaaqudgha
Makhleb
Nemelex Xobeh
Okawaru
Qazlal
Ru
Sif Muna
Trog
Uskayaw
Vehumet
Xom
Yredelemnul
Zin
The Shining One


Innate Abilities, Weirdness & Mutations

You can breathe blasts of scalding, opaque steam.
Your pale cyan-grey scales are hard. (AC +6)
You cannot fit into any form of body armour.
You are cold-blooded and may be slowed by cold attacks.


Message History

The orc warrior hits you but does no damage.
The orc warrior hits you with a hand axe!
Casting: Sandblast
Confirm with . or Enter, or press ? or * to list all spells.
Aiming: Sandblast
Press: ? - help, Shift-Dir - straight line, f/p - orc warrior
Aim: an orc warrior, wielding a hand axe and wearing a shiny plate armour (moderately wounded)
The blast of sand hits the orc warrior.
The orc warrior is moderately wounded.
b - 33 stones The orc warrior hits you with a hand axe!
Casting: Sandblast
Confirm with . or Enter, or press ? or * to list all spells.
Which direction?
The orc warrior closely misses you.
You begin to meditate on the wall.
You continue meditating on the rock.
The orc warrior hits you with a hand axe!
* * * LOW HITPOINT WARNING * * *
The orc warrior hits you with a hand axe!!
You die...

# .## ..#
#.# #.#
#.# #@#
#o# #
#.#.##..#
#<......#
##..##.##
.#†..
###..#
#.# .#


You could see an orc warrior.

Vanquished Creatures
  An ogre (D:3)
  A centaur (D:5)
  A bullfrog (D:5)
  2 scorpions
  5 wights (D:6)
  A crimson imp (D:6)
  3 bullfrog zombies
  The ghost of Ymberto the Conjurer, a weakling DECj of Sif Muna (D:3)
  A centaur zombie (D:6)
  A hound (D:6)
  A centaur skeleton (D:6)
  2 orc priests
  2 bullfrog skeletons (D:4)
  An iguana (D:6)
  3 orc wizards
  9 worker ants
  Natasha (twice) (D:2)
  2 hound zombies
  Robin (D:2)
  12 adders
  An adder skeleton (D:6)
  2 adder zombies (D:5)
  2 worms
  3 dart slugs
  6 leopard geckos
  12 orcs
  10 bats
  A giant cockroach (D:5)
  17 goblins
  4 hobgoblins
  9 jackals
  3 kobolds
  4 quokkas
  4 ball pythons
  3 frilled lizards
  A jackal skeleton (D:6)
  A leopard gecko skeleton (D:6)
  A quokka zombie (D:6)
  13 rats
149 creatures vanquished.

Notes
Turn   | Place    | Note
-------+----------+-------------------------------------------
     0 | D:1      | Linguinho the Draconian Earth Elementalist began the quest for the Orb.
     0 | D:1      | Reached XP level 1. HP: 14/14 MP: 3/3
   295 | D:1      | Reached XP level 2. HP: 20/20 MP: 3/5
   627 | D:2      | Reached XP level 3. HP: 18/26 MP: 0/6
   641 | D:2      | Noticed Robin
   919 | D:2      | Killed Robin
   919 | D:2      | Reached skill level 4 in Earth Magic
  1106 | D:2      | Noticed Natasha
  1110 | D:2      | Killed Natasha
  1110 | D:2      | Reached XP level 4. HP: 31/34 MP: 4/8
  1257 | D:2      | Learned a level 3 spell: Stone Arrow
  1260 | D:2      | Learned a level 2 spell: Passwall
  1546 | D:2      | Found a faded altar of an unknown god.
  1546 | D:2      | Found a glowing silver altar of Zin.
  1551 | D:2      | Found an iron altar of Okawaru.
  1553 | D:2      | Found a faded altar of an unknown god.
  1555 | D:2      | Found a radiant altar of Vehumet.
  1573 | D:2      | Noticed Natasha
  2050 | D:2      | Found an opulent altar of Gozag.
  2590 | D:2      | Killed Natasha
  2590 | D:2      | Reached XP level 5. HP: 39/39 MP: 5/9
  2744 | D:3      | Noticed an ogre
  2807 | D:3      | Killed an ogre
  2807 | D:3      | Reached skill level 5 in Earth Magic
  2807 | D:3      | Reached XP level 6. HP: 46/46 MP: 4/11
  3247 | D:3      | Found a burning altar of Makhleb.
  3281 | D:3      | Found an ancient bone altar of Kikubaaqudgha.
  3352 | D:3      | Noticed Ymberto's ghost (weakling DECj)
  3360 | D:3      | Killed Ymberto's ghost
  3977 | D:4      | Found a snail-covered altar of Cheibriados.
  4434 | D:4      | Found a deep blue altar of Sif Muna.
  4440 | D:4      | Became a worshipper of Sif Muna the Loreminder
  4492 | D:5      | Entered Level 5 of the Dungeon
  4515 | D:5      | Your scales start taking on a pale cyan-grey colour.
  4515 | D:5      | Reached XP level 7. HP: 21/51 MP: 0/14
  4521 | D:5      | Learned a level 4 spell: Petrify
  4766 | D:5      | Reached skill level 5 in Spellcasting
  4813 | D:5      | Found a blossoming altar of Fedhas.
  4818 | D:5      | Reached skill level 6 in Earth Magic
  5421 | D:5      | Reached * piety under Sif Muna
  5895 | D:6      | Found a sparkling altar of Nemelex Xobeh.
  5971 | D:6      | Reached skill level 1 in Polearms
  6092 | D:6      | Reached XP level 8. HP: 55/58 MP: 11/16
  6093 | D:6      | Reached skill level 7 in Earth Magic
  6312 | D:6      | Found a staircase to the Ecumenical Temple.
  6367 | D:6      | Reached ** piety under Sif Muna
  6369 | D:6      | Reached skill level 1 in Fighting
  6378 | D:6      | Reached skill level 8 in Earth Magic
  6391 | Temple   | Entered the Ecumenical Temple
  6451 | D:6      | Found a shimmering altar of Xom.
  6819 | D:7      | Mangled by an orc warrior

Skill      XL: |  1  2  3  4  5  6  7  8 |
---------------+-------------------------+-----
Dodging        | 2 |  2.0
Stealth        | 2 |  2.9
Earth Magic    | 4 5 6 8 |  8.2
Spellcasting   | 3 4 5 6 |  6.4
Polearms       | 1 |  1.6
Fighting       | 1 |  1.2
Conjurations   | |  0.6
Transmutations | |  1.0

Action                   |  1- 3 |  4- 6 |  7- 9 || total
-------------------------+-------+-------+-------++-------
Melee: Unarmed           |    12 |       |       ||    12
       Spear             |    36 |    24 |    44 ||   104
       Tailslap          |     2 |     3 |     1 ||     6
 Cast: Sandblast         |    37 |    83 |   106 ||   226
       Stone Arrow       |       |     5 |    16 ||    21
       Passwall          |       |       |     1 ||     1
 Abil: Breathe Steam     |       |       |     5 ||     5
  Use: Scroll            |       |     2 |     4 ||     6
 Stab: Sleeping          |       |     1 |     1 ||     2
  Eat: Chunk             |     1 |     6 |     8 ||    15
       Bread ration      |       |     1 |       ||     1
Armor: Skin              |    14 |    16 |    22 ||    52
Dodge: Dodged            |    36 |    22 |    58 ||   116
